 Dungeon Crawl Stone Soup version 0.17.1-1-g73c8601 (console) character file.

90 Kloppie the Skirmisher (level 4, -4/40 HPs)
             Began as a Centaur Fighter on Dec 20, 2015.
             Slain by a crimson imp
             ... wielding a +0 dagger of chaos
              (9 damage)
             ... on level 4 of the Dungeon.
             The game lasted 00:03:28 (2080 turns).

Kloppie the Skirmisher (Centaur Fighter)            Turns: 2080, Time: 00:03:28

Health: -4/40      AC:  7    Str: 23    XL:     4   Next: 32%
Magic:  4/4        EV:  6    Int:  7    God:
Gold:   135        SH:  8    Dex: 10    Spells: 0 memorised, 3 levels left

rFire  . . .     SeeInvis .       - Unarmed
rCold  . . .     Clarity  .     n - +0 ring mail
rNeg   . . .     SustAt   .     b - +0 shield
rPois  .         Gourm    .     (no helmet)
rElec  .         Spirit   .     s - +0 cloak
rCorr  .         Warding  .     (no gloves)
rMut   .         Stasis   .     (no barding)
MR     .....                    (no amulet)
Stlth  ..........               (no ring)
                                (no ring)

@: mighty, lethally poisoned (-4 -> -4), very quick, not resistant to hostile
enchantments, extremely unstealthy
A: hooves 3, deformed body, speed 2, tough skin 3
a: no special abilities


You were on level 4 of the Dungeon.
You were not hungry.

You visited 1 branch of the dungeon, and saw 4 of its levels.

You collected 135 gold pieces.

Inventory:

Armour
 b - a +0 shield (worn)
 n - a +0 ring mail (worn)
 s - a +0 cloak (worn)
Scrolls
 g - a scroll of enchant armour {unknown}
 h - a scroll of enchant weapon {unknown}
 i - a scroll of amnesia {unknown}
 k - a scroll of magic mapping {unknown}
 l - 2 scrolls of identify {unknown}
 o - a scroll of recharging {unknown}
Potions
 e - a potion of flight {unknown}
 f - 2 potions of invisibility {unknown}
 j - a potion of beneficial mutation {unknown}
 p - 3 potions of curing {unknown}
 u - a potion of brilliance {unknown}
Comestibles
 a - 4 chunks of flesh
 d - 3 bread rations
 m - 8 fruits
 q - a meat ration
 r - a royal jelly
 t - a slice of pizza


   Skills:
 + Level 4.1 Fighting
 - Level 2.1 Armour
 - Level 2.1 Shields
 + Level 3.6 Unarmed Combat


You had 3 spell levels left.
You didn't know any spells.

Dungeon Overview and Level Annotations

Branches:
Dungeon (4/15)
 Temple: D:4-7

Altars:
Fedhas
Gozag
Kikubaaqudgha
Makhleb
Sif Muna
Trog
Xom

Annotations:
D:3 Kloppie's ghost, amateur CeBe


Innate Abilities, Weirdness & Mutations

You have hooves in place of feet.
Armour fits poorly on your strangely shaped body.
You cover ground very quickly.
You have extremely tough skin (AC +3).


Message History

The crimson imp hits you but does no damage.
You hit the crimson imp. Your kick misses the crimson imp.
The crimson imp is moderately wounded.
The crimson imp hits you with a dagger of chaos.
* * * LOW HITPOINT WARNING * * *
The crimson imp freezes you.
* * * LOW HITPOINT WARNING * * *
You barely miss the crimson imp. Your kick misses the crimson imp.
The crimson imp is lightly wounded.
The crimson imp barely misses you.
Sorry, you're not good enough to have a special ability.
Drink which item? (? for menu, Esc to quit)
You feel very mighty all of a sudden.
You feel sick.
The crimson imp hits you but does no damage.
You hit the crimson imp. You kick the crimson imp.
The crimson imp is severely wounded.
The crimson imp hits you but does no damage.
You are electrocuted!
You die...

##### #_._#
##.######.5.#
#.....<.#.@.#
....####.##'##
. #....#
######


You could see a crimson imp.

Vanquished Creatures
  Ijyb (D:2)
  An adder (D:2)
  An ooze (D:2)
  A worm (D:2)
  A giant gecko (D:2)
  6 goblins
  5 hobgoblins
  5 kobolds
  2 quokkas
  8 bats
  2 giant newts
  5 jackals
  4 rats
42 creatures vanquished.

Notes
Turn   | Place    | Note
--------------------------------------------------------------
     0 | D:1      | Kloppie the Centaur Fighter began the quest for the Orb.
     0 | D:1      | Reached XP level 1. HP: 19/19 MP: 1/1
   217 | D:1      | Reached XP level 2. HP: 26/26 MP: 2/2
   649 | D:2      | Found an opulent altar of Gozag.
   758 | D:2      | Found a bloodstained altar of Trog.
   816 | D:2      | Reached XP level 3. HP: 9/33 MP: 3/3
  1199 | D:2      | Noticed Ijyb
  1225 | D:2      | Killed Ijyb
  1225 | D:2      | Reached skill level 4 in Fighting
  1225 | D:2      | Reached XP level 4. HP: 29/40 MP: 4/4
  1699 | D:2      | Found a deep blue altar of Sif Muna.
  1933 | D:3      | Found an ancient bone altar of Kikubaaqudgha.
  1933 | D:3      | Found a blossoming altar of Fedhas.
  1935 | D:3      | Noticed Kloppie's ghost (amateur CeBe)
  2045 | D:4      | Found a burning altar of Makhleb.
  2046 | D:4      | Found a shimmering altar of Xom.
  2080 | D:4      | Slain by a crimson imp

Action                   |  1- 3 |  4- 6 || total
-------------------------+-------+-------++-------
Melee: Unarmed           |   112 |    99 ||   211
  Use: Potion            |       |     1 ||     1
  Eat: Chunk             |       |     3 ||     3
